 Dungeon Crawl Stone Soup version 0.30-b1-2-g02819fbbbe (webtiles) character file.

Game seed: 2744825353222748542

182 raph the Poker (level 5, -5/39 HPs)
             Began as a Merfolk Gladiator on May 17, 2023.
             Killed by nerve-wracking pain
             ... invoked by Menkaure
              (10 damage)
             ... on level 4 of the Dungeon.
             The game lasted 00:04:50 (3727 turns).

raph the Poker (Merfolk Gladiator)                  Turns: 3727, Time: 00:04:51

Health: -5/39      AC:  4    Str: 14    XL:     5   Next: 62%
Magic:  5/5        EV: 13    Int:  7    God:
Gold:   157        SH:  4    Dex: 18    Spells: 3/4 levels left

rFire   . . .        a - +0 trident
rCold   . . .        k - +0 buckler
rNeg    . . .        b - +0 leather armour
rPois   +            c - +0 helmet
rElec   .            (no cloak)
rCorr   .            (no gloves)
SInv    .            (no boots)
Will    .....        (no amulet)
Stlth   +            d - ring of poison resistance
HPRegen 0.26/turn    (no ring)
MPRegen 0.09/turn

%: no passive effects
@: no status effects
A: (nimble swimmer 2), mertail
a: no special abilities


You were on level 4 of the Dungeon.
You visited 1 branch of the dungeon, and saw 4 of its levels.

You collected 157 gold pieces.

Inventory:

Hand Weapons
 a - a +0 trident (weapon)
Missiles
 e - a javelin (quivered)
 m - a throwing net
Armour
 b - a +0 leather armour (worn)
 c - a +0 helmet (worn)
 k - a +0 buckler (worn)
Jewellery
 d - a ring of poison resistance (left hand)
 h - a ring of fire
Potions
 f - a potion of attraction
 g - 2 potions of flight
 i - a potion of magic
 j - a potion of lignification {unknown}
 l - a potion of curing {unknown}


   Skills:
 + Level 2.5 Fighting
 * Level 7.3 Polearms
 - Level 2.0 Throwing
 + Level 4.3 Dodging
 + Level 1.0 Shields
 + Level 0.9 Summonings


You had 3 spell levels left.
You knew the following spells:

 Your Spells              Type           Power      Damage    Failure   Level
a - Summon Small Mammal   Summ           4%         N/A       50%         1

Your spell library contained the following spells:

 Spells                   Type           Power      Damage    Failure   Level
 Call Canine Familiar     Summ           1%         N/A       86%         3
 Summon Guardian Golem    Hex/Summ       0%         N/A       90%         3
 Portal Projectile        Hex/Tloc       0%         N/A       94%         3
 Leda's Liquefaction      Hex/Erth       0%         N/A       100%        4


Dungeon Overview and Level Annotations

Branches:
Dungeon (4/15)
 Temple: D:4-7

Altars:
Cheibriados
Ru

Shops:
D:1 *   D:2 =

Annotations:
D:3 Ijyb
D:4 2 transporters, Menkaure


Innate Abilities, Weirdness & Mutations

((You are very nimble when in or above water. (Stealth+, EV+, Speed+++)))
Your lower body shifts to a powerful aquatic tail in water.


Message History

You hit the kobold.
You kill the kobold!
Menkaure, Prince of Dust comes into view.
Menkaure shouts!
You hit the phantom.
The phantom is moderately damaged.
The phantom barely misses you.
You hit the phantom.
The phantom is moderately damaged.
The phantom hits you.
You hit the phantom.
The phantom is moderately damaged.
The phantom hits you.
You see here a +0 rapier.
Menkaure mumbles some strange words.
Menkaure seems to speed up.
Things that are here:
a +0 short sword; 8 poisoned darts; a kobold corpse Menkaure calls on the powers of darkness!
Your body is wracked with pain!
The phantom attacks as you move away! The phantom barely misses you.
Menkaure calls on the powers of darkness!
Your body is wracked with pain!
* * * LOW HITPOINT WARNING * * *
The phantom attacks as you move away! You block the phantom's attack.
Menkaure calls on the powers of darkness!
Your body is wracked with pain!
* * * LOW HITPOINT WARNING * * *
The phantom attacks as you move away! The phantom closely misses you.
The phantom attacks as you move away! The phantom closely misses you.
Menkaure hums, "Let me perform the rites..."
The phantom attacks as you move away! You block the phantom's attack.
The phantom attacks as you move away! The phantom misses you.
There is a stone staircase leading up here.
The phantom hits you.
* * * LOW HITPOINT WARNING * * *
The phantom blinks!
You blink.
You stop ascending the stairs.
Menkaure points at you and mumbles some strange words.
Pain shoots through your body!
You die...

.. ....
####.#...##
..........
#........
#.##.#..
#.##.#.#
#.##.#.#
#....@W#
#....§.#
#.##.#§#
#.##)#M####.<.
#.##.)......#
#M####.####...
#.# #.#
#.####.#
#......#


You could see a phantom and Menkaure (fast).

Vanquished Creatures
  A scorpion (D:4)
  Natasha (thrice) (D:2)
  An adder (D:2)
  2 dart slugs
  An orc (D:3)
  3 bats
  5 endoplasms
  2 giant cockroaches
  2 goblins (D:1)
  2 hobgoblins (D:2)
  2 ball pythons (D:1)
  5 kobolds
  4 rats (D:1)
33 creatures vanquished.

Vanquished Creatures (others)
  2 demonic plants (D:2)
  A plant (D:2)
  A withered plant (D:2)
4 creatures vanquished.

Grand Total: 37 creatures vanquished

Notes
Turn   | Place    | Note
-------+----------+-------------------------------------------
     0 | D:1      | raph the Merfolk Gladiator began the quest for the Orb.
     0 | D:1      | Reached XP level 1. HP: 16/16 MP: 1/1
   108 | D:1      | Found Caudiatt's Assorted Antiques.
   323 | D:1      | Reached XP level 2. HP: 21/22 MP: 2/2
   762 | D:1      | Reached skill level 5 in Polearms
  1137 | D:2      | Noticed Natasha
  1149 | D:2      | Reached XP level 3. HP: 24/27 MP: 3/3
  1540 | D:2      | Killed Natasha
  1541 | D:2      | Reached skill level 6 in Polearms
  1833 | D:2      | Reached XP level 4. HP: 30/33 MP: 4/4
  1893 | D:2      | Found a faded altar of an unknown god.
  1901 | D:2      | Noticed Natasha
  1917 | D:2      | Killed Natasha
  2023 | D:2      | Found Iset's Jewellery Shoppe.
  2222 | D:2      | Learned a level 1 spell: Summon Small Mammal
  2268 | D:2      | Noticed Natasha
  2276 | D:2      | Killed Natasha
  2277 | D:2      | Reached skill level 7 in Polearms
  2616 | D:3      | Found a sacrificial altar of Ru.
  2632 | D:3      | Noticed Ijyb
  3191 | D:3      | Found a snail-covered altar of Cheibriados.
  3198 | D:3      | Reached XP level 5. HP: 38/38 MP: 5/5
  3502 | D:4      | Found a transporter.
  3508 | D:4      | Noticed a kobold demonologist
  3562 | D:4      | Reached skill level 1 in Shields
  3672 | D:4      | Found a transporter.
  3697 | D:4      | Noticed a phantom
  3701 | D:4      | Noticed Menkaure
  3727 | D:4      | Killed from afar by Menkaure

Illustrated notes

Levels and vault maps discovered:
D:1:      amcnicky_arrival_gap_in_the_tavern_cellar, layout_basic, serial_shops,
          nicolae_shop_getting_attention
D:2:      layout_loops_ring, shapermc_ecumenical_altar_gd, serial_shops, shop,
          minmay_misc_feat_encased, uniq_natasha
D:3:      layout_basic, mainiacjoe_overflow_tiny_flanked,
          mainiacjoe_overflow_24_doors, minmay_misc_feat_more_columns, uniq_ijyb
D:4:      gammafunk_wand_slinger, layout_loops_corners,
          grunt_temple_overflow_open, mainiacjoe_overflow_large_starburst,
          uniq_menkaure

Skill      XL: |  1  2  3  4  5 |
---------------+----------------+-----
Polearms       | 5 6 7 |  7.3
Shields        | 1 |  1.0
Fighting       | |  2.5
Throwing       | |  2.0
Dodging        | |  4.3
Summonings     | |  0.9

Action                     |  1- 3 |  4- 6 || total
---------------------------+-------+-------++-------
  Melee: Trident           |    71 |    81 ||   152
         Punch             |       |     1 ||     1
  Throw: Throwing net      |     1 |     3 ||     4
    Use: Scroll            |     4 |     3 ||     7
         Potion            |       |     1 ||     1
   Stab: Sleeping          |       |     1 ||     1
 Armour: Leather armour    |    37 |     7 ||    44
  Dodge: Dodged            |    79 |    27 ||   106
  Block: Buckler           |       |    11 ||    11
